 Dungeon Crawl Stone Soup version 0.26.0-45-g9c1d065592 (webtiles) character file.

Game seed: 18013650339771961353

290 KittyFluff the Bolt Thrower (level 6, -14/37 HPs)
             Began as a Gargoyle Hunter on Feb 1, 2021.
             Killed by divine providence
             ... invoked by an orc priest
              (15 damage)
             ... on level 4 of the Dungeon.
             The game lasted 00:18:32 (3565 turns).

KittyFluff the Bolt Thrower (Gargoyle Hunter)       Turns: 3565, Time: 00:18:34

Health: -14/37     AC:  8    Str: 15    XL:     6   Next: 32%
Magic:  6/6        EV: 12    Int: 12    God:
Gold:   81         SH:  0    Dex: 12    Spells: 4/5 levels left

rFire    . . .     SeeInvis .   b - +1 mace (drain)
rCold    . . .     Faith    .   (no shield)
rNeg     + . .     Spirit   .   c - +0 leather armour
rPois    ∞         Reflect  .   (no helmet)
rElec    +         Harm     .   (no cloak)
rCorr    .         Rampage  .   f - +0 pair of gloves
Will     .....                  (no boots)
Stlth    +.........             (no amulet)
HPRegen  0.12/turn              (no ring)
MPRegen  0.10/turn              (no ring)

@: no status effects
A: negative energy resistance 1, electricity resistance, unbreathing,
petrification resistance, miasma immunity, AC +4
a: no special abilities


You were on level 4 of the Dungeon.
You visited 1 branch of the dungeon, and saw 4 of its levels.

You collected 81 gold pieces.

Inventory:

Hand Weapons
 a - a +1 hand crossbow
 b - a +1 mace of draining (weapon)
 l - a +0 short sword
Missiles
 d - 28 bolts
 r - 6 poisoned darts (quivered)
 s - 8 atropa-tipped darts
Armour
 c - a +0 leather armour (worn)
 f - a +0 pair of gloves (worn)
Jewellery
 p - an uncursed ring of magical power {unknown}
Scrolls
 i - a scroll of fear {unknown}
 k - 2 scrolls of teleportation
 n - a scroll of remove curse
 q - a scroll of random uselessness {unknown}
 t - a scroll of amnesia {unknown}
 u - a scroll of identify
Potions
 e - a potion of invisibility
 g - a potion of berserk rage {unknown}
 h - a potion of lignification
 j - a potion of mutation
 m - a potion of might {unknown}
 o - 2 potions of curing {unknown}


   Skills:
 + Level 3.1 Fighting
 + Level 1.3 Short Blades
 + Level 1.2 Maces & Flails
 + Level 5.7 Crossbows
 + Level 2.5 Armour
 + Level 2.1 Dodging
 + Level 1.3 Stealth


You had 4 spell levels left.
You knew the following spells:

 Your Spells              Type           Power        Failure   Level
a - Apportation           Tloc           0%           38%         1

Your spell library contained the following spells:

 Spells                   Type           Power        Failure   Level
 Animate Skeleton         Necr           0%           38%         1
 Corona                   Hex            0%           38%         1
 Summon Small Mammal      Summ           0%           38%         1


Dungeon Overview and Level Annotations

Branches:
Dungeon (4/15)
 Temple: D:4-7

Altars:
Dithmenos
Xom
Yredelemnul


Innate Abilities, Weirdness & Mutations

You are resistant to torment.
Your stone body is resilient. (AC +4)
You are immune to poison.
You resist negative energy. (rN+)
You are resistant to electric shocks. (rElec)
You can survive without breathing.
You are immune to petrification.
You are immune to miasma.


Message History

a +0 scale mail; a scroll labelled HOHOETZIDGH; an orc corpse The orc priest hits you with a +2 flail of protection.
You hit the orc priest.
The orc priest is moderately wounded.
The orc priest invokes the aid of Beogh against you.
Beogh smites you!
You completely miss the orc priest.
The orc priest is moderately wounded.
The orc priest hits you with a +2 flail of protection.
You hit the orc priest. You drain the orc priest.
The orc priest is severely wounded.
The orc priest hits you with a +2 flail of protection.
You hit the orc priest but do no damage.
The orc priest is severely wounded.
The orc priest mumbles some strange prayers to Beogh against you.
Beogh smites you!
* * * LOW HITPOINT WARNING * * *
The orc priest calls down the wrath of Beogh upon you.
Beogh smites you!
You die...

..... #.# #.. .. #.#
#.#### #.###.#... ..
######.......## #.
#......###.#### #. ###
...####.####.# #.....
#.#.... #..........#.#
###### #.#.##.##.
#.#####.##.#.## #.#.##....
#..o@##.......#
#>......#######[##.......#
#...# #....#....##.##.##.#
#...####...#.#####....# .#
#.†........#..# #.#####.#
##............# #.......#
##..#.##......# #.#######
#.............# #.#
#.....##......# #.###


You could see an orc priest (drained).

Vanquished Creatures
  A black bear (D:2)
  A scorpion (D:4)
  A howler monkey (D:4)
  4 adders
  A worm (D:2)
  3 dart slugs
  5 orcs
  A ball python (D:3)
  6 giant cockroaches (D:1)
  6 goblins
  7 hobgoblins
  4 jackals (D:2)
  A quokka (D:3)
  5 bats (D:1)
  2 frilled lizards
  10 kobolds
  A leopard gecko skeleton (D:4)
  7 rats
66 creatures vanquished.

Notes
Turn   | Place    | Note
-------+----------+-------------------------------------------
     0 | D:1      | KittyFluff the Gargoyle Hunter began the quest for the Orb.
     0 | D:1      | Reached XP level 1. HP: 12/12 MP: 1/1
   241 | D:1      | Reached XP level 2. HP: 18/18 MP: 2/2
   562 | D:1      | Reached XP level 3. HP: 22/22 MP: 3/3
   861 | D:1      | You fall into a shaft and drop 1 floor!
  1074 | D:2      | Reached skill level 1 in Armour
  1303 | D:2      | Found a shimmering altar of Xom.
  1307 | D:2      | Found a shadowy altar of Dithmenos.
  1307 | D:2      | Noticed a black bear
  1313 | D:2      | Killed a black bear
  1314 | D:2      | Reached skill level 5 in Crossbows
  1314 | D:2      | Reached XP level 4. HP: 27/27 MP: 4/4
  1314 | D:2      | Reached XP level 5. HP: 31/31 MP: 5/5
  1967 | D:2      | Found a basalt altar of Yredelemnul.
  2152 | D:2      | Found a faded altar of an unknown god.
  2375 | D:3      | Learned a level 1 spell: Apportation
  2566 | D:3      | Found a shadowy altar of Dithmenos.
  3199 | D:4      | Reached skill level 1 in Short Blades
  3199 | D:4      | Reached XP level 6. HP: 32/37 MP: 6/6
  3476 | D:4      | Reached skill level 1 in Maces & Flails
  3565 | D:4      | HP: 1/37 [orc priest/divine providence (13)]
  3565 | D:4      | Killed from afar by an orc priest

Illustrated notes

Levels and vault maps discovered:
D:1:      saegor_arrival_simple_c, layout_basic
D:2:      layout_basic, nicolae_overflow_hidden_temple,
          grunt_temple_overflow_open, chequers_ecumenical_altar_lobes
D:3:      layout_loops_cross, amethyst_overflow_temple_binary, minivault_25,
          nrook_loot_triangle, nicolae_dithmenos_through_a_glass_darkly
D:4:      layout_loops_cross, nicolae_ru_great_annihilating_truth

Skill      XL: |  1  2  3  4  5  6 |
---------------+-------------------+-----
Armour         | 2 |  2.5
Crossbows      | 5 |  5.7
Dodging        | 2 |  2.1
Fighting       | 3 |  3.1
Short Blades   | 1 |  1.3
Maces & Flails | 1 |  1.2
Stealth        | |  1.3

Action                   |  1- 3 |  4- 6 || total
-------------------------+-------+-------++-------
Melee: Short sword       |    36 |   131 ||   167
       Mace              |       |    33 ||    33
 Fire: Hand crossbow     |    42 |    34 ||    76
Throw: Dart              |       |     1 ||     1
  Use: Scroll            |       |     6 ||     6
       Potion            |       |     1 ||     1
Armor: Leather armour    |    14 |    70 ||    84
Dodge: Dodged            |    26 |   101 ||   127
